 Dungeon Crawl Stone Soup version 0.28-a0-1506-g3893175d92 (webtiles) character file.

Game seed: 18444047092153960129

11491 Lekart the Schismatic (level 11, -10/92 HPs)
             Began as a Purple Draconian Abyssal Knight on Jan 13, 2022.
             Was an Elder of Lugonu.
             Mangled by a freezing wraith (19 damage)
             ... on level 11 of the Dungeon on Jan 14, 2022.
             The game lasted 00:28:09 (12670 turns).

Lekart the Schismatic (DrAK)                       Turns: 12670, Time: 00:28:10

Health: -10/92     AC: 11    Str: 18    XL:     11   Next: 50%
Magic:  22/22      EV: 19    Int: 12    God:    Lugonu [****..]
Gold:   424        SH:  5    Dex: 18    Spells: 19/25 levels left

rFire   . . .      SeeInvis +   A - +14 obsidian axe {vorpal, Mesm Drain Fly SInv}
rCold   . . .      Faith    .   u - +0 buckler
rNeg    . . .      Spirit   .   (armour unavailable)
rPois   .          Reflect  .   (helmet restricted)
rElec   .          Harm     .   (no cloak)
rCorr   .          Rampage  .   F - +0 pair of gloves
Will    +....                   f - +2 pair of boots
Stlth   ++++......              (no amulet)
HPRegen 0.25/turn               (no ring)
MPRegen 0.18/turn               l - +4 ring of evasion

@: flying, mesmerised, slowed, studying Invocations, very slow
A: breathe power, AC +7, unfitting armour, cold-blooded, thin skeletal structure
1, clever 1, strong 1
a: Breathe Dispelling Energy, Renounce Religion, Depart the Abyss, Bend Space,
Banish, Corrupt


You were on level 11 of the Dungeon.
You worshipped Lugonu.
Lugonu was greatly pleased with you.
You visited 1 branch of the dungeon, and saw 11 of its levels.
You visited the Abyss 1 time.
You also visited: Bailey.

You collected 479 gold pieces.
You spent 55 gold pieces at shops.

Inventory:

Hand Weapons
 r - the +7 quarterstaff "Vovu Xub" {vorpal, Dex+5}
   (You found it on level 5 of the Dungeon)

   It inflicts extra damage upon your enemies.
   Dex:       It affects your dexterity (+5).
 A - the +14 obsidian axe (weapon) {vorpal, Mesm Drain Fly SInv}
   (You found it in a bailey)

   It inflicts extra damage upon your enemies.
   It occasionally summons demons to assist the wielder when it strikes in
   combat.
   Its wielder is mesmerised by any visible foes.
   It cannot be unequipped while any foes are visible.
   SInv:      It lets you see invisible.
   Fly:       It grants you flight.
   Drain:     It drains your maximum health when unequipped.
 C - the +6 shortbow "Vede Ygufri" {flame, Dex+2}
   (You found it in a bailey)

   Any ammunition fired from it burns those it strikes, dealing additional fire
   damage.
   Dex:       It affects your dexterity (+2).
Missiles
 y - 5 throwing nets
 z - 17 boomerangs
Armour
 f - a +2 pair of boots (worn)
 u - a +0 buckler (worn)
 F - a +0 pair of gloves (worn)
Jewellery
 l - a +4 ring of evasion (right hand)
 I - an amulet of regeneration
Wands
 c - a wand of iceblast (7)
 j - a wand of mindburst (6)
 q - a wand of flame (92)
 B - a wand of paralysis (4)
 E - a wand of acid (6)
Scrolls
 a - 4 scrolls of identify
 d - a scroll of teleportation
 t - a scroll of magic mapping
 w - a scroll of brand weapon
 x - a scroll of fog
Potions
 g - 4 potions of haste
 h - 2 potions of brilliance
 i - 4 potions of attraction
 k - 3 potions of curing
 m - a potion of mutation
 n - a potion of ambrosia
 s - 2 potions of might
 v - a potion of invisibility {unknown}
 G - a potion of lignification {unknown}
 H - a potion of cancellation
Miscellaneous
 b - a condenser vane (inert)
 D - a piece from Xom's chessboard (3/15)


   Skills:
 + Level 7.4 Fighting
 + Level 3.2(4.6) Short Blades
 + Level 4.9(5.4) Long Blades
 + Level 6.7(6.8) Axes
 + Level 1.2(5.6) Maces & Flails
 + Level 5.2(5.3) Staves
 + Level 6.1 Dodging
 + Level 4.8 Stealth
 + Level 1.8 Shields
 * Level 7.9 Spellcasting
 + Level 0.8 Transmutations
 + Level 0.9 Earth Magic
 * Level 9.2 Invocations
 + Level 5.1 Evocations


You had 19 spell levels left.
You knew the following spells:

 Your Spells              Type           Power      Damage    Failure   Level
b - Statue Form           Tmut/Erth      4%         N/A       100%        6

Your spell library contained the following spells:

 Spells                   Type           Power      Damage    Failure   Level
 Summon Small Mammal      Summ           16%        N/A       21%         1
 Passwall                 Tmut/Erth      5%         N/A       21%         2
 Scorch                   Fire           8%         2d5       30%         2
 Ignite Poison            Fire/Tmut/Pois 5%         N/A       47%         3
 Conjure Flame            Conj/Fire      4%         6-21      52%         3
 Frozen Ramparts          Ice            8%         1d2       52%         3
 Gell's Gravitas          Tloc           4%         N/A       52%         3
 Mephitic Cloud           Conj/Pois/Air  4%         N/A       52%         3
 Ozocubu's Armour         Ice            4%         N/A       52%         3
 Teleport Other           Tloc           4%         N/A       52%         3
 Ice Form                 Ice/Tmut       5%         N/A       86%         4
 Flame Wave               Conj/Fire      4%         2d4       89%         4
 Sticky Flame             Conj/Fire      4%         2d3       89%         4
 Summon Ice Beast         Ice/Summ       4%         N/A       89%         4
 Lee's Rapid Deconstruct  Erth           3%         3d6*      98%         5
 Borgnjor's Vile Clutch   Necr/Erth      2%         N/A       99%         5
 Freezing Cloud           Conj/Ice/Air   2%         6-21      99%         5
 Dispersal                Tloc           2%         N/A       100%        6
 Summon Cactus Giant      Summ           2%         N/A       100%        6
 Ozocubu's Refrigeration  Ice            2%         4d5       100%        7


Dungeon Overview and Level Annotations

Branches:
Dungeon (11/15)            Temple (0/1) D:5            Lair (0/6) D:8
 Bailey (visited)
    Orc: D:9-12

Altars:
Cheibriados
Ru

Shops:
D:2 [   D:3 !

Annotations:
D:7 3 runed translucent doors, generaletaddeo's ghost, novice OpFE
D:9 3 runed translucent doors


Innate Abilities, Weirdness & Mutations

You can breathe bolts of dispelling energy.
Your rich purple scales are hard. (AC +7)
You cannot fit into any form of body armour.
You are cold-blooded and may be slowed by cold attacks.
You have a somewhat thin skeletal structure. (Dex +2, Stealth+)
Your mind is acute. (Int +2)
Your muscles are strong. (Str +2)


Message History

You slice the freezing wraith!!
Your tail-slap misses the freezing wraith.
The freezing wraith is almost destroyed.
Your ufetubus closely misses the freezing wraith.
Your ufetubus hits the freezing wraith but does no damage.
You block the freezing wraith's attack.
The freezing wraith hits you but does no damage.
Your ynoxinul barely misses the freezing wraith.
Your ufetubus hits the freezing wraith but does no damage.
Your ufetubus closely misses the freezing wraith.
The freezing wraith hits you but does no damage.
You block the freezing wraith's attack.
Your ynoxinul gestures at the freezing wraith.
The iron shot misses the freezing wraith.
Your ufetubus barely misses the freezing wraith.
Your ufetubus hits the freezing wraith but does no damage.
You hit the freezing wraith but do no damage.
The freezing wraith is almost destroyed.
You feel yourself speed up.
Your ufetubus hits the freezing wraith but does no damage. x2
The freezing wraith closely misses your ufetubus.
The freezing wraith hits your ufetubus!
Your ufetubus dies!
Your ufetubus disappears in a puff of smoke!
Your ynoxinul hits the freezing wraith but does no damage.
The freezing wraith barely misses your ynoxinul.
The freezing wraith hits your ynoxinul but does no damage.
Your ynoxinul hits the freezing wraith but does no damage.
You hit the freezing wraith.
The freezing wraith is almost destroyed.
The freezing wraith hits you. The freezing wraith freezes you!
You feel yourself slow down.
* * * LOW HITPOINT WARNING * * *
The freezing wraith hits you.
* * * LOW HITPOINT WARNING * * *
Your ynoxinul hits the freezing wraith but does no damage.
The freezing wraith hits you.
* * * LOW HITPOINT WARNING * * *
The freezing wraith freezes you!!
You die...

.#...##..#
#...........
.#...##..#
#...<.......
.#...##..#
#...........
.....##..#
#...........
##.......#
#...........
##.......#
#...........
##..###..#
#........... ##..#
#..#####...........
##..#
#.........@W.......
##..#
#..######(3.......
##..# #..#
#......... ##..#
#..# #......... #
#..# #.##...... #
#..# #.# ...... #
#..# #.# ...### #
#..# #.# ...# #


You could see a freezing wraith (mesmerising, ally target) and a friendly
ynoxinul (summoned).

Vanquished Creatures
  Harold (D:11)
  A two-headed ogre (D:9)
  Pikel (D:4)
  A cyclops (D:11)
  A hornet (D:8)
  A meliai zombie (D:11)
  4 wyverns
  15 yaks
  Edmund (D:5)
  3 water moccasins
  An orc warrior (D:10)
  4 black bears
  2 ogres (D:6)
  A necrophage (D:6)
  2 centaurs
  2 phantoms (D:4)
  3 bullfrogs (D:8)
  A gnoll sergeant (D:8)
  2 scorpions
  A water moccasin zombie (D:7)
  8 wights
  3 howler monkeys (D:9)
  4 centaur zombies
  2 orc priests
  3 bullfrog zombies (D:6)
  2 hounds
  3 centaur skeletons
  2 bullfrog skeletons
  A jelly (D:5)
  2 gnoll shamans
  2 iguanas
  Ijyb (D:5)
  6 orc wizards
  2 howler monkey skeletons
  A howler monkey zombie (D:10)
  14 gnolls
  6 adders
  A white imp (D:5)
  An ufetubus (D:7)
  An adder skeleton (D:3)
  3 worms (D:2)
  18 orcs
  3 ball pythons
  5 endoplasms
  A giant cockroach (D:2)
  17 goblins
  14 hobgoblins
  2 jackals (D:3)
  8 kobolds
  5 quokkas
  6 bats
  A frilled lizard (D:2)
  5 rats
201 creatures vanquished.

Vanquished Creatures (collateral kills)
  A troll (D:10)
  5 yaks
  A basilisk (D:8)
  A steam dragon (D:8)
  3 killer bees (D:9)
  An orc wizard (D:8)
12 creatures vanquished.

Vanquished Creatures (others)
  An orc knight (Bailey)
  An orc warrior (Bailey)
  3 orcs (Bailey)
  A goblin (Bailey)
  7 hobgoblins (Bailey)
  6 kobolds (Bailey)
  4 starspawn tentacles (Bailey)
23 creatures vanquished.

Grand Total: 236 creatures vanquished

Notes
Turn   | Place    | Note
-------+----------+-------------------------------------------
     0 | Abyss:1  | Lekart the Draconian Abyssal Knight began the quest for the
                  | Orb.
     0 | Abyss:1  | Reached XP level 1. HP: 19/19 MP: 2/2
    46 | Abyss:1  | Found a corrupted altar of Lugonu.
    72 | Abyss:1  | Found a corrupted altar of Lugonu.
   129 | Abyss:2  | Found a corrupted altar of Lugonu.
   129 | Abyss:2  | Noticed a kobold brigand
   129 | Abyss:2  | Noticed a kobold brigand
   129 | Abyss:2  | Noticed a kobold brigand
   129 | Abyss:2  | Noticed a kobold brigand
   129 | Abyss:2  | Noticed a kobold brigand
   129 | Abyss:2  | Noticed a kobold brigand
   129 | Abyss:2  | Noticed a kobold brigand
   129 | Abyss:2  | Noticed a kobold brigand
   130 | Abyss:2  | Noticed a smoke demon
   148 | Abyss:3  | Noticed a thrashing horror
   168 | Abyss:3  | Got Sokky's Handbook of Earthen Companions
   169 | D:1      | Escaped the Abyss
   523 | D:1      | Reached XP level 2. HP: 11/26 MP: 3/3
   769 | D:1      | Found a faded altar of an unknown god.
  1352 | D:2      | Reached * piety under Lugonu
  1604 | D:2      | Reached XP level 3. HP: 29/33 MP: 4/4
  1607 | D:2      | Learned a level 2 spell: Passwall
  1894 | D:2      | Reached skill level 1 in Evocations
  1904 | D:2      | HP: 1/33 [adder (3)]
  2290 | D:2      | Found Sytu's Antique Armour Shop.
  2290 | D:2      | Found a sacrificial altar of Ru.
  2310 | D:2      | Reached XP level 4. HP: 38/40 MP: 5/5
  2607 | D:3      | Found Keaket Laddi's Distillery.
  2682 | D:3      | Bought a potion of heal wounds for 55 gold pieces
  2806 | D:3      | Reached ** piety under Lugonu
  3257 | D:3      | Gained mutation: Your mind is acute. (Int +2) [potion of
                  | mutation]
  3257 | D:3      | Gained mutation: You have a somewhat thin skeletal
                  | structure. (Dex +2, Stealth+) [potion of mutation]
  3257 | D:3      | Gained mutation: Your muscles are strong. (Str +2) [potion
                  | of mutation]
  3474 | D:4      | Reached skill level 1 in Spellcasting
  3601 | D:4      | Reached XP level 5. HP: 31/46 MP: 6/6
  3879 | D:4      | Noticed a black bear
  3887 | D:4      | Killed a black bear
  4043 | D:4      | Noticed a phantom
  4070 | D:4      | Killed a phantom
  4071 | D:4      | Reached skill level 1 in Stealth
  4071 | D:4      | Reached XP level 6. HP: 26/52 MP: 8/8
  4477 | D:5      | Entered Level 5 of the Dungeon
  4484 | D:5      | Noticed an orc warrior
  5057 | D:5      | Your scales start taking on a rich purple colour.
  5057 | D:5      | Reached XP level 7. HP: 30/60 MP: 11/11
  5198 | D:5      | Noticed Edmund
  5331 | D:5      | Noticed Ijyb
  5339 | D:5      | Killed Edmund
  5520 | D:5      | Killed Ijyb
  5521 | D:5      | Reached skill level 1 in Short Blades
  5685 | D:5      | Noticed Pikel
  5711 | D:4      | Killed Pikel
  5712 | D:4      | Reached skill level 5 in Fighting
  5712 | D:4      | Reached XP level 8. HP: 15/68 MP: 11/13
  6047 | D:5      | Found a staircase to the Ecumenical Temple.
  6303 | D:5      | Identified the +7 quarterstaff "Vovu Xub" {vorpal, Dex+5}
  6822 | D:6      | Reached skill level 1 in Staves
  6862 | D:5      | Reached skill level 1 in Maces & Flails
  6865 | D:6      | Reached *** piety under Lugonu
  7256 | D:6      | Reached XP level 9. HP: 74/74 MP: 16/16
  7428 | D:7      | Found a runed translucent gate.
  7428 | D:7      | Found a runed translucent gate.
  7430 | D:7      | Noticed a manticore
  7444 | D:7      | Reached skill level 3 in Invocations
  7449 | D:7      | Reached skill level 5 in Spellcasting
  7480 | D:7      | Noticed generaletaddeo's ghost (novice OpFE)
  7744 | D:7      | Reached skill level 5 in Dodging
  7843 | D:7      | Found a flagged portal.
  7857 | Bailey   | Entered a bailey
  8031 | Bailey   | Reached **** piety under Lugonu
  8031 | Bailey   | Noticed an orc knight
  8060 | Bailey   | Corrupted Bailey
  8060 | Bailey   | Noticed a tentacled starspawn
  8060 | Bailey   | Noticed a shadow demon
  8060 | Bailey   | Noticed a smoke demon
  8060 | Bailey   | Noticed a large abomination
  8060 | Bailey   | Noticed a smoke demon
  8070 | Bailey   | Noticed a silent spectre
  8074 | Bailey   | Noticed an Executioner
  8075 | Bailey   | Killed an orc knight
  8538 | Bailey   | Identified the +6 shortbow "Vede Ygufri" {flame, Dex+2}
  8656 | D:7      | Found a runed translucent gate.
  8938 | D:8      | Reached skill level 4 in Invocations
  8958 | D:8      | Found a staircase to the Lair.
  8965 | D:8      | Reached skill level 1 in Axes
  8965 | D:8      | Reached skill level 5 in Staves
  8972 | D:8      | Reached XP level 10. HP: 26/83 MP: 17/19
  9365 | D:8      | Found a snail-covered altar of Cheibriados.
 10167 | D:8      | Identified a scroll of acquirement
 10167 | D:8      | Acquired a manual of Invocations
 10283 | D:9      | Noticed a two-headed ogre
 10295 | D:9      | Banished a two-headed ogre
 10296 | D:9      | Reached skill level 5 in Invocations
 10306 | D:9      | HP: 4/84 [yak (10)]
 10310 | D:9      | Reached skill level 6 in Invocations
 10312 | D:9      | Reached skill level 1 in Shields
 10654 | D:9      | Noticed a two-headed ogre
 10664 | D:9      | Killed a two-headed ogre
 10665 | D:9      | Reached skill level 7 in Invocations
 10780 | D:9      | Found a runed translucent gate.
 10780 | D:9      | Noticed a brown ugly thing
 10781 | D:9      | Found a runed translucent gate.
 10781 | D:9      | Noticed a purple ugly thing
 10782 | D:9      | Found a runed translucent gate.
 10782 | D:9      | Noticed a white ugly thing
 10782 | D:9      | Noticed a purple ugly thing
 10783 | D:9      | Noticed a green ugly thing
 10784 | D:9      | Noticed a glowing orange brain
 10784 | D:9      | Noticed a harpy
 10784 | D:9      | a tarantella changed into a harpy
 10788 | D:9      | a harpy changed into a polar bear
 10790 | D:9      | Noticed a black mamba
 10790 | D:9      | a polar bear changed into a black mamba
 10866 | D:9      | Reached skill level 5 in Axes
 10870 | D:9      | Reached skill level 5 in Evocations
 11150 | D:9      | Noticed a radroach
 11150 | D:9      | a slime creature changed into a radroach
 11157 | D:9      | Noticed a quicksilver ooze
 11157 | D:9      | a radroach changed into a quicksilver ooze
 11158 | D:9      | a quicksilver ooze changed into a tyrant leech
 11159 | D:9      | Noticed a satyr
 11159 | D:9      | a tyrant leech changed into a satyr
 11166 | D:9      | Learned a level 6 spell: Statue Form
 11167 | D:9      | Noticed a quicksilver ooze
 11167 | D:9      | a satyr changed into a quicksilver ooze
 11181 | D:9      | Noticed an ice dragon
 11182 | D:9      | Noticed a radroach
 11182 | D:9      | an ice dragon changed into a radroach
 11196 | D:10     | Entered Level 10 of the Dungeon
 11275 | D:10     | Reached skill level 8 in Invocations
 11275 | D:10     | Reached XP level 11. HP: 84/91 MP: 21/21
 12459 | D:11     | Noticed Harold
 12472 | D:11     | Killed Harold
 12523 | D:11     | Reached skill level 9 in Invocations
 12670 | D:11     | Mangled by a freezing wraith

Illustrated notes

Levels and vault maps discovered:
D:1:      dpeg_arrival_signposts, layout_loops_ring,
          shapermc_ecumenical_altar_hornbeckon, minmay_misc_feat_x
D:2:      minmay_wonky_spiral, layout_basic, serial_shops, shop, basic_altar,
          minmay_hedge_maze
D:3:      layout_loops_ring, serial_shops, shop, st_stairs_8
D:4:      layout_gridville, dk_vineyard_3, minmay_misc_feat_rugged
D:5:      layout_cave_pools, minmay_temple_entry_glassed_door,
          minmay_misc_feat_plants, corexii_corridor_pit, uniq_ijyb, uniq_pikel,
          uniq_edmund
D:6:      layout_loops_cross, minivault_14
D:7:      layout_rooms, gammafunk_ghost_split, enter_bailey_3,
          hangedman_abyss_or_decor_slice
D:8:      layout_basic, overflow_temple_1_default, david_lair_generic,
          kennysheep_generic_room_10
D:9:      layout_rooms, ploomutoo_gammafunk_ghost_potion_laboratory,
          feat_on_display
D:10:     layout_loops_corners
D:11:     layout_long_grid, uniq_harold

Skill      XL: |  1  2  3  4  5  6  7  8  9 10 11 |
---------------+----------------------------------+-----
Evocations     | 1 2 4 5 |  5.1
Long Blades    | 3 4 |  4.9
Spellcasting   | 1 2 3 4 6 7 |  7.9
Fighting       | 4 5 6 7 |  7.4
Stealth        | 1 2 3 4 |  4.8
Dodging        | 3 4 5 6 |  6.1
Short Blades   | 2 3 |  3.2
Staves         | 2 5 |  5.2
Maces & Flails | 1 |  1.2
Invocations    | 4 8 9 |  9.2
Axes           | 1 5 6 |  6.7
Shields        | 1 |  1.8
Transmutations | |  0.8
Earth Magic    | |  0.9

Action                   |  1- 3 |  4- 6 |  7- 9 | 10-12 || total
-------------------------+-------+-------+-------+-------++-------
Melee: Falchion          |   151 |   116 |       |       ||   267
       Tailslap          |    22 |    28 |    38 |    23 ||   111
       Punch             |     3 |     2 |     2 |       ||     7
       Dagger            |       |    34 |    86 |       ||   120
       Quarterstaff      |       |       |   139 |       ||   139
       Whip              |       |       |    19 |       ||    19
       Broad axe         |       |       |    16 |   130 ||   146
 Cast: Passwall          |       |     5 |       |       ||     5
Invok: Depart the Abyss  |     1 |       |       |       ||     1
       Corrupt           |       |       |     1 |       ||     1
       Banish            |       |       |       |     2 ||     2
       Bend Space        |       |       |       |     1 ||     1
 Abil: Breathe Dispellin |       |       |     3 |       ||     3
Evoke: Condenser vane    |     1 |       |     1 |     1 ||     3
       Piece from Xom's  |       |       |       |    15 ||    15
       Wand              |       |       |       |     2 ||     2
  Use: Potion            |     2 |     3 |     2 |     1 ||     8
       Scroll            |       |    12 |     8 |     6 ||    26
 Stab: Sleeping          |     1 |     7 |     7 |     3 ||    18
       Distracted        |       |     1 |     1 |       ||     2
       Paralysed         |       |       |       |     2 ||     2
       Petrified         |       |       |       |     5 ||     5
Armor: Skin              |    45 |    70 |    62 |    44 ||   221
Dodge: Dodged            |    94 |    90 |   265 |   117 ||   566
Block: Buckler           |       |       |       |    38 ||    38

Table legend: (Time is in decaauts)
 A = Elapsed time spent in this place.
 B = Non-inter-level travel time spent in this place.
 C = Inter-level travel time spent in this place.
 D = Time resting spent in this place.
 E = Time spent auto-exploring this place.
 F = Levels seen in this place.
 G = Mean time per level.
                   A        B        C        D        E       F      G
               +--------+--------+--------+--------+--------+-----+--------+
         Total |  12789 |  12486 |    303 |   2887 |   7285 |  15 |  852.6 |
       Dungeon |  11856 |  11553 |    303 |   2583 |   7021 |  11 | 1077.8 |
         Abyss |    168 |    168 |      0 |      0 |    123 |   3 |   56.0 |
        Bailey |    764 |    764 |      0 |    304 |    141 |   1 |  764.0 |
               +--------+--------+--------+--------+--------+-----+--------+

Top non-repeatable levels by time:
     D:4: 1902 daAuts
     D:5: 1432 daAuts
     D:8: 1312 daAuts
     D:2: 1228 daAuts
     D:1: 1184 daAuts
    D:10: 1001 daAuts
     D:9: 990 daAuts
     D:6: 805 daAuts
     D:7: 765 daAuts
  Bailey: 764 daAuts
     D:3: 733 daAuts
    D:11: 499 daAuts
 Abyss:1: 92 daAuts
 Abyss:2: 40 daAuts
 Abyss:3: 35 daAuts
